 Dungeon Crawl Stone Soup version 0.31.0-9-g3a7656b989 (webtiles) character file.

Game seed: 10373632789831707786

137 qw the Shooter (level 5, -2/24 (26) HPs)
             Began as a Spriggan Hunter on Feb 2, 2024.
             Slain by an orc priest
             ... wielding a +2 morningstar of draining
              (4 damage)
             ... on level 3 of the Dungeon.
             The game lasted 00:00:06 (1775 turns).

qw the Shooter (Spriggan Hunter)                    Turns: 1775, Time: 00:00:06

HP:   -2/24 (26)    AC:  2    Str:  7    XL:     5   Next: 0%
MP:   6/6           EV: 20    Int: 11    God:
Gold: 123           SH:  0    Dex: 20    Spells: 4/4 levels left

rFire   + . .        a - +0 shortbow
rCold   + . .        (shield currently unavailable)
rNeg    . . .        c - +0 robe
rPois   +            (helmet restricted)
rElec   +            (no cloak)
rCorr   +            (gloves unavailable)
SInv    +            (boots unavailable)
Will    .....        (no amulet)
Stlth   ++           (no ring)
HPRegen 0.24/turn    (no ring)
MPRegen 0.10/turn

%: no passive effects
@: resistant, drained, very quick
A: very small, no large weapons, unfitting armour, see invisible, speed 3
a: no special abilities


You were on level 3 of the Dungeon.
You visited 1 branch of the dungeon, and saw 3 of its levels.

You collected 123 gold pieces.


Innate Abilities, Weirdness & Mutations

You are very small and have problems with some larger weapons.
You are too small for most types of armour.
You have supernaturally acute eyesight. (SInv)
You cover ground extremely quickly. (Speed+++)


   Skills:
 - Level 2.2 Fighting
 + Level 5.0 Ranged Weapons
 - Level 5.0 Dodging
 - Level 1.5 Stealth


You had 4 spell levels left.
You didn't know any spells.
Your spell library was empty.

Inventory:

Hand Weapons
 a - a +0 shortbow (weapon)
Armour
 c - a +0 robe (worn)
Potions
 b - a potion of cancellation
 d - a potion of might
 h - a potion of resistance

Dungeon Overview and Level Annotations

Branches:
Dungeon (3/15)

Altars:

Shops:
D:1 [[=*(


Message History

The orc is almost dead.
The orc closely misses you.
You shoot an arrow. The arrow hits the orc.
You kill the orc!
You shoot an arrow. The arrow hits the orc priest.
The orc priest is moderately wounded.
The orc priest completely misses you.
You shoot an arrow.
The arrow completely misses the orc priest.
The arrow hits the orc but does no damage.
The orc priest misses you.
You shoot an arrow. The arrow hits the orc priest!
You kill the orc priest!
The rat misses you.
Your Fighting skill increases to level 2!
You shoot an arrow. The arrow completely misses the rat.
The arrow closely misses the orc.
The rat barely misses you.
You shoot an arrow. The arrow barely misses the rat.
The arrow hits the orc.
The orc is lightly wounded.
The rat bites you.
The orc priest looks satisfied for a moment.
You shoot an arrow. The arrow hits the rat.
The rat is severely wounded.
The rat completely misses you.
You shoot an arrow. The arrow barely misses the rat.
The arrow hits the orc.
The orc is heavily wounded.
The rat completely misses you.
You shoot an arrow. The arrow hits the rat.
You kill the rat!
You have reached level 5!
You feel clever.
You shoot an arrow.
The arrow hits the orc priest but does no damage.
The orc priest barely misses you. x2
You shoot an arrow. The arrow hits the orc priest!
The orc priest is severely wounded.
The orc priest hits you with a +2 morningstar of draining!
Ouch! That really hurt!
You feel drained.
You die... ##### #.... .... ...## .%.. oo#

######o# ....#@#
#.#.#.#
..#####.#.#.####.#
..................>
#######.#......#...
##.###....... #<.#
#....#... #..#
###### #. #....


You could see an orc priest and 2 orcs.

Vanquished Creatures
  An orc priest (D:3)
  5 adders (D:2)
  4 dart slugs
  2 ribbon worms (D:2)
  An orc (D:3)
  2 ball pythons
  2 endoplasms
  5 giant cockroaches
  A goblin (D:2)
  7 hobgoblins
  2 jackals (D:2)
  3 kobolds
  A quokka (D:1)
  5 bats
  A frilled lizard (D:2)
  5 rats
47 creatures vanquished.

Notes
Turn   | Place    | Note
-------+----------+-------------------------------------------
     0 | D:1      | qw the Spriggan Hunter began the quest for the Orb.
     0 | D:1      | Reached XP level 1. HP: 10/10 MP: 2/2
     0 | D:1      | 0 ||| qw: Version: 0.3-a-155-g5e7d8dd
     0 | D:1      | 0 ||| qw: Game counter: 2854
     0 | D:1      | 0 ||| qw: Melee chars always use a shield: true
     0 | D:1      | 0 ||| qw: God list: Okawaru
     0 | D:1      | 0 ||| qw: Allow faded altars: false
     0 | D:1      | 0 ||| qw: Do Orc after clearing Dungeon:15 true
     0 | D:1      | 0 ||| qw: Do second Lair branch before Depths: true
     0 | D:1      | 0 ||| qw: Lair rune preference: random
     0 | D:1      | 0 ||| qw: Goals: Normal
     0 | D:1      | 0 ||| PLANNING D:1-11
    25 | D:1      | Reached skill level 3 in Dodging
   135 | D:1      | Reached XP level 2. HP: 9/14 MP: 3/3
   177 | D:1      | Found Ufajeats's Weapon Boutique.
   238 | D:1      | Found Muocifue's Jewellery Emporium.
   243 | D:1      | 243 ||| SHOPLISTING +4 ring of slaying (858 gold, have 26).
   243 | D:1      | 243 ||| SHOPLISTING +6 ring of strength (396 gold, have
                  | 26).
   243 | D:1      | 243 ||| SHOPLISTING amulet of faith (440 gold, have 26).
   243 | D:1      | 243 ||| SHOPLISTING amulet of guardian spirit (330 gold,
                  | have 26).
   243 | D:1      | 243 ||| SHOPLISTING ring of ice (275 gold, have 26).
   243 | D:1      | 243 ||| SHOPLISTING ring of resist corrosion (220 gold,
                  | have 26).
   311 | D:1      | Found Puomipuk's Armour Shoppe.
   316 | D:1      | 316 ||| SHOPLISTING +2 robe of the Dice {Dex+6} (393 gold,
                  | have 26).
   570 | D:1      | Found a faded altar of an unknown god.
   579 | D:1      | Found Kirybe's Armour Boutique.
   582 | D:1      | 582 ||| SHOPLISTING -2 hat of the Alchemist {rElec rPois
                  | rF+ rC+ rN+ Will+ rMut rCorr} (472 gold, have 34).
   874 | D:1      | Found Jepaj's General Store.
   912 | D:1      | 912 ||| READING scroll labelled PARENT CODAILA.
   912 | D:1      | 912 ||| IDENTIFYING puce potion
   913 | D:1      | 913 ||| READING scroll labelled UNOYSTR XIGI.
  1014 | D:1      | 1014 ||| DROPPING scroll of butterflies.
  1055 | D:2      | Reached XP level 3. HP: 14/18 MP: 4/4
  1282 | D:2      | Reached XP level 4. HP: 18/22 MP: 5/5
  1291 | D:2      | HP: 5/22 [poisoned by an adder]
  1725 | D:2      | 1725 ||| READING 2 scrolls of identify.
  1725 | D:2      | 1725 ||| IDENTIFYING glowing white potion
  1726 | D:2      | 1726 ||| READING scroll of identify.
  1726 | D:2      | 1726 ||| IDENTIFYING smoky coppery potion
  1727 | D:2      | 1727 ||| DRINKING 2 coppery potions.
  1728 | D:2      | 1728 ||| DROPPING potion of ambrosia.
  1774 | D:3      | Reached XP level 5. HP: 15/26 MP: 6/6
  1775 | D:3      | HP: 2/26 [orc priest/+2 morningstar of draining (13)]
  1775 | D:3      | Slain by an orc priest

Levels and vault maps discovered:
D:1:      evilmike_arrival_plus, layout_basic, serial_shops, shop, shop,
          nicolae_shop_statue_plus, nicolae_shop_pleasant_corner_grove,
          nicolae_shop_bloodbath_and_beyond,
          shapermc_ecumenical_altar_acropolis, roderic_lattice_a
D:2:      layout_basic
D:3:      cheibrodos_thug_alley, layout_basic, nicolae_dithmenos_shadow_blocks,
          lemuel_crystal_altar, minmay_door_square, supply_closet_lemuel

Skill      XL: |  1  2  3  4 |
---------------+-------------+-----
Dodging        | 3 4 5 |  5.0
Ranged Weapons | 5 |  5.0
Fighting       | 2 |  2.2
Stealth        | |  1.5

Action                     |  1- 3 |  4- 6 || total
---------------------------+-------+-------++-------
   Fire: Shortbow          |   115 |    57 ||   172
    Use: Scroll            |     2 |     2 ||     4
         Potion            |       |     1 ||     1
 Armour: Robe              |    16 |    11 ||    27
  Dodge: Dodged            |    66 |    44 ||   110

Table legend:
 A = Non-vault XP
 B = Vault XP
 C = Vault XP percentage of total XP
 D = Non-vault monster count
 E = Vault monster count
 F = Vault count percentage of total count
                 A         B        C        D         E       F
            +---------+---------+-------+---------+---------+-------
      Total |     196 |       0 |   0.0 |      47 |       0 |   0.0
            +---------+---------+-------+---------+---------+-------
        D:1 |      35 |       0 |   0.0 |      17 |       0 |   0.0
        D:2 |     112 |       0 |   0.0 |      25 |       0 |   0.0
        D:3 |      49 |       0 |   0.0 |       5 |       0 |   0.0
            +---------+---------+-------+---------+---------+-------
